 Dungeon Crawl Stone Soup version 0.25-a0-578-gc91f01c39c (webtiles) character file.

Game seed: 18102064576806027785, levelgen mode: deterministic

175 RedPan the Covered (level 5, -8/41 HPs)
             Began as a Gnoll Wanderer on Mar 7, 2020.
             Mangled by an ogre
             ... wielding a +0 giant club
              (26 damage)
             ... on level 4 of the Dungeon.
             The game lasted 00:04:44 (3459 turns).

RedPan the Covered (Gnoll Wanderer)                 Turns: 3459, Time: 00:04:45

Health: -8/41      AC: 11    Str: 18    XL:     5   Next: 55%
Magic:  7/7        EV: 10    Int: 14    God:
Gold:   89         SH:  0    Dex: 12    Spells: 7/7 levels left

rFire    . . .     SeeInvis .   d - +3 whip
rCold    . . .     Gourm    .   (no shield)
rNeg     . . .     Faith    .   b - +2 scale mail
rPois    .         Spirit   .   (no helmet)
rElec    .         Reflect  .   i - +0 cloak
rCorr    .         Harm     .   (no gloves)
MR       .....                  (no boots)
Stlth    ..........             k - amulet of the acrobat
HPRegen  0.13/turn              (no ring)
MPRegen  0.10/turn              (no ring)

@: no status effects
A: distributed training, fangs 1, strong nose
a: no special abilities


You were on level 4 of the Dungeon.
You were not hungry.

You visited 1 branch of the dungeon, and saw 4 of its levels.

You collected 89 gold pieces.

Inventory:

Hand Weapons
 d - a +3 whip (weapon)
Missiles
 c - 19 poisoned darts (quivered)
 n - 40 arrows
Armour
 b - a +2 scale mail (worn)
 i - a +0 cloak (worn)
Jewellery
 e - an uncursed ring of protection from cold {unknown}
 k - an amulet of the acrobat (around neck)
Scrolls
 m - a scroll of magic mapping {unknown}
 o - 3 scrolls of identify
 p - a scroll of remove curse
Potions
 a - a potion of magic
 g - a potion of haste
 j - a potion of brilliance
 l - 3 potions of curing
Comestibles
 f - 2 rations
 h - a chunk of flesh


   Skills:
 + Level 3.0 Fighting
 + Level 1.5 Short Blades
 + Level 1.5 Long Blades
 + Level 4.8 Axes
 + Level 1.5 Maces & Flails
 + Level 1.5 Polearms
 + Level 1.5 Staves
 + Level 1.5 Slings
 + Level 4.8 Bows
 + Level 1.5 Crossbows
 + Level 1.5 Throwing
 + Level 6.7 Armour
 + Level 1.5 Dodging
 + Level 1.5 Stealth
 + Level 3.0 Shields
 + Level 1.5 Unarmed Combat
 + Level 1.5 Spellcasting
 + Level 1.2 Conjurations
 + Level 1.2 Hexes
 + Level 1.2 Charms
 + Level 1.2 Summonings
 + Level 1.2 Necromancy
 + Level 1.2 Translocations
 + Level 1.2 Transmutations
 + Level 1.2 Fire Magic
 + Level 1.2 Ice Magic
 + Level 1.2 Air Magic
 + Level 1.2 Earth Magic
 + Level 1.2 Poison Magic
 + Level 1.7 Invocations
 + Level 3.0 Evocations


You had 7 spell levels left.
You didn't know any spells.
Your spell library was empty.

Dungeon Overview and Level Annotations

Branches:
Dungeon (4/15)
 Temple: D:4-7

Altars:
Dithmenos
Hepliaklqana

Shops:
D:4 }

Annotations:
D:2 Sigmund


Innate Abilities, Weirdness & Mutations

Your experience applies equally to all skills.
You have very sharp teeth.
Your uncanny sense of smell can sniff out nearby items.


Message History

Throwing (i - inventory)
c - 21 poisoned darts (quivered)
Press: ? - help, Shift-Dir - straight line, f/p - ogre
Aim: an ogre, wielding a +0 giant club (lightly wounded, very poisoned)
You throw a poisoned dart. The poisoned dart hits the ogre.
The ogre looks even sicker.
The ogre is lightly wounded.
The ogre hits you with a +0 giant club!
There is an entrance to Inuzeahi's Gadget Shoppe here.
Drop what? 16/52 slots (_ for help) (? for menu, Esc to quit)
Drop what? 16/52 slots (_ for help) (? for menu, Esc to quit)
Okay, then.
Throwing (i - inventory)
c - 20 poisoned darts (quivered)
Press: ? - help, Shift-Dir - straight line, f/p - ogre
Aim: an ogre, wielding a +0 giant club (moderately wounded, very poisoned)
You throw a poisoned dart. The poisoned dart hits the ogre.
The ogre looks even sicker.
The ogre is moderately wounded.
The ogre hits you with a +0 giant club!!
Ouch! That really hurt!
You die...

..#.. ∆####..### .... ....
.....##.. #.. ...#
....###. #(# #...##.....#
## ##.## ...##...#..# # ##
#...# #...#..>.#..##
...###..∩##.........##..#
........O......#...##..# ∆
.###..#..@....###...#..###
##..##....## #.......##
###..###....###....(....
##............##..######.
###........(###....## ##
#.....#..#.># ###.##
.....###..##..# #..# ...##
#..##..# ##.# .. ######.#
#.##


You could see an ogre.

Vanquished Creatures
  A big kobold (D:4)
  3 adders (D:2)
  An ooze (D:3)
  2 worms (D:2)
  4 dart slugs
  2 leopard geckos (D:3)
  An orc (D:3)
  5 bats
  7 giant cockroaches
  10 goblins
  7 hobgoblins
  3 jackals (D:2)
  A quokka (D:2)
  A frilled lizard (D:2)
  6 kobolds
  3 rats
57 creatures vanquished.

Notes
Turn   | Place    | Note
-------+----------+-------------------------------------------
     0 | D:1      | RedPan the Gnoll Wanderer began the quest for the Orb.
     0 | D:1      | RedPan set off with the following items: a +0 mace, a +2
                  | scale mail, a +0 shortbow, 22 arrows, a ration
     0 | D:1      | Reached XP level 1. HP: 17/17 MP: 2/2
    96 | D:1      | You fall into a shaft and drop 1 floor!
    96 | D:2      | Found a shadowy altar of Dithmenos.
   161 | D:2      | Reached XP level 2. HP: 12/23 MP: 3/3
  1042 | D:1      | Reached XP level 3. HP: 28/28 MP: 4/4
  1186 | D:2      | Reached skill level 1 in Invocations
  1384 | D:2      | Noticed Sigmund
  1396 | D:2      | Reached skill level 1 in Short Blades
  1396 | D:2      | Reached skill level 1 in Long Blades
  1396 | D:2      | Reached skill level 1 in Maces & Flails
  1396 | D:2      | Reached skill level 1 in Polearms
  1396 | D:2      | Reached skill level 1 in Staves
  1396 | D:2      | Reached skill level 1 in Slings
  1396 | D:2      | Reached skill level 1 in Crossbows
  1396 | D:2      | Reached skill level 1 in Throwing
  1396 | D:2      | Reached skill level 1 in Dodging
  1396 | D:2      | Reached skill level 1 in Stealth
  1396 | D:2      | Reached skill level 1 in Unarmed Combat
  1396 | D:2      | Reached skill level 1 in Spellcasting
  1405 | D:2      | Reached XP level 4. HP: 34/34 MP: 4/6
  2087 | D:3      | Reached skill level 1 in Conjurations
  2087 | D:3      | Reached skill level 1 in Hexes
  2087 | D:3      | Reached skill level 1 in Charms
  2087 | D:3      | Reached skill level 1 in Summonings
  2087 | D:3      | Reached skill level 1 in Necromancy
  2087 | D:3      | Reached skill level 1 in Translocations
  2087 | D:3      | Reached skill level 1 in Transmutations
  2087 | D:3      | Reached skill level 1 in Fire Magic
  2087 | D:3      | Reached skill level 1 in Ice Magic
  2087 | D:3      | Reached skill level 1 in Air Magic
  2087 | D:3      | Reached skill level 1 in Earth Magic
  2087 | D:3      | Reached skill level 1 in Poison Magic
  3094 | D:4      | Found a hazy altar of Hepliaklqana.
  3163 | D:4      | Noticed a big kobold
  3184 | D:4      | Killed a big kobold
  3184 | D:4      | Reached XP level 5. HP: 30/41 MP: 7/7
  3442 | D:4      | Found Inuzeahi's Gadget Shoppe.
  3450 | D:4      | Noticed an ogre
  3459 | D:4      | Mangled by an ogre

Levels and vault maps discovered:
D:1:      sevenhm_arrival_forest_fort_small_3, layout_loops_ring
D:2:      layout_basic, nicolae_overflow_hidden_temple,
          minmay_indecisive_spiral, uniq_sigmund
D:3:      minmay_thinvault, layout_basic
D:4:      layout_layer_cave, lemuel_coloured_pillars_altar, serial_shops, shop,
          nicolae_shop_behind_doors, kennysheep_little_box,
          hangedman_decor_growths, evilmike_ruin_ashenzari

Skill      XL: |  1  2  3  4 |
---------------+-------------+-----
Invocations    | 1 |  1.7
Short Blades   | 1 |  1.5
Long Blades    | 1 |  1.5
Maces & Flails | 1 |  1.5
Polearms       | 1 |  1.5
Staves         | 1 |  1.5
Slings         | 1 |  1.5
Crossbows      | 1 |  1.5
Throwing       | 1 |  1.5
Dodging        | 1 |  1.5
Stealth        | 1 |  1.5
Unarmed Combat | 1 |  1.5
Spellcasting   | 1 |  1.5
Conjurations   | 1 |  1.2
Hexes          | 1 |  1.2
Charms         | 1 |  1.2
Summonings     | 1 |  1.2
Necromancy     | 1 |  1.2
Translocations | 1 |  1.2
Transmutations | 1 |  1.2
Fire Magic     | 1 |  1.2
Ice Magic      | 1 |  1.2
Air Magic      | 1 |  1.2
Earth Magic    | 1 |  1.2
Poison Magic   | 1 |  1.2
Fighting       | 3 |  3.0
Shields        | 3 |  3.0
Evocations     | 3 |  3.0
Axes           | |  4.8
Bows           | |  4.8
Armour         | |  6.7

Action                   |  1- 3 |  4- 6 || total
-------------------------+-------+-------++-------
Melee: Mace              |   110 |    35 ||   145
       Bite              |     9 |    13 ||    22
       Whip              |       |    87 ||    87
Throw: Dart              |       |     4 ||     4
  Use: Potion            |     2 |       ||     2
       Scroll            |     1 |     9 ||    10
  Eat: Chunk             |     2 |     6 ||     8
Armor: Scale mail        |    86 |    42 ||   128
Dodge: Dodged            |    78 |    73 ||   151

Table legend:
 A = Non-vault XP
 B = Vault XP
 C = Vault XP percentage of total XP
 D = Non-vault monster count
 E = Vault monster count
 F = Vault count percentage of total count
                 A         B        C        D         E       F
            +---------+---------+-------+---------+---------+-------
      Total |     185 |      65 |  26.0 |      39 |      18 |  31.6
            +---------+---------+-------+---------+---------+-------
        D:1 |      18 |       0 |   0.0 |       8 |       0 |   0.0
        D:2 |      56 |      29 |  34.1 |      21 |       4 |  16.0
        D:3 |      12 |      36 |  75.0 |       7 |      14 |  66.7
        D:4 |      99 |       0 |   0.0 |       3 |       0 |   0.0
            +---------+---------+-------+---------+---------+-------
